 Dungeon Crawl Stone Soup version 0.27-a0-1149-g4505690ab0 (webtiles) character file.

Game seed: 6010305756532873463

57 flyleaff the Magician (level 4, -5/31 HPs)
             Began as a Djinni Ice Elementalist on May 12, 2021.
             Shot with an arrow by a centaur (8 damage)
             ... on level 3 of the Dungeon.
             The game lasted 00:05:14 (3160 turns).

flyleaff the Magician (Djinni Ice Elementalist)     Turns: 3160, Time: 00:05:17

Health: -5/31      AC:  2    Str:  4 (7)  XL:     4   Next: 18%
Gold:   100        EV: 12    Int: 15 (18) God:
                   SH:  0    Dex: 12 (13)

rFire    + + .     SeeInvis .   f - +0 spear
rCold    x . .     Faith    .   (no shield)
rNeg     . . .     Spirit   .   a - +0 robe
rPois    ∞         Reflect  .   (no helmet)
rElec    .         Harm     .   (no cloak)
rCorr    .         Rampage  .   (no gloves)
Will     .....                  (boots unavailable)
Stlth    ++........             (no amulet)
HPRegen  0.10/turn              (no ring)
MPRegen  0.00/turn              (no ring)

@: freezing walls, flying, hasted, very quick
A: sickness immunity, fire resistance 2, cold vulnerability 1, float, innate
caster, hp casting, extra vitality 1
a: no special abilities


You were on level 3 of the Dungeon.
You visited 1 branch of the dungeon, and saw 3 of its levels.

You collected 100 gold pieces.

Inventory:

Hand Weapons
 c - a +0 dagger
 f - a +0 spear (weapon)
Armour
 a - a +0 robe (worn)
Wands
 l - a wand of iceblast (4)
Scrolls
 b - 2 scrolls of identify {unknown}
 d - 2 scrolls of enchant weapon {unknown}
 i - a scroll of magic mapping {unknown}
 j - 2 scrolls of immolation {unknown}
 k - a scroll of teleportation {unknown}
 m - a scroll of torment {unknown}
Potions
 g - a potion of curing {unknown}
 h - a potion of haste
 n - a potion of mutation {unknown}
 o - a potion of attraction {unknown}
 p - a potion of flight {unknown}


   Skills:
 + Level 0.8 Fighting
 - Level 0.1 Short Blades
 + Level 1.0 Armour
 + Level 2.5 Dodging
 - Level 1.6 Stealth
 + Level 3.9 Spellcasting


You couldn't memorise any spells.
You knew the following spells:

 Your Spells              Type           Power      Damage    Failure   Level
a - Freeze                Ice            56%        1d7       3%          1
b - Frozen Ramparts       Ice            28%        1d4       11%         3
c - Ozocubu's Armour      Ice            14%        N/A       11%         3
d - Hailstorm             Conj/Ice       14%        3d5       34%         4
e - Metabolic Englaciati  Hex/Ice        7%         N/A       69%         5
f - Beastly Appendage     Tmut           28%        N/A       3%          1
Your spell library was empty.

Dungeon Overview and Level Annotations

Branches:
Dungeon (3/15)

Altars:

Annotations:
D:3 2 transporters


Innate Abilities, Weirdness & Mutations

You are immune to sickness and miasma.
You are immune to poison.
Your flesh is very heat resistant. (rF++)
You are vulnerable to cold. (rC-)
You float through the air rather than walking.
You learn spells naturally, not from books.
Your magical power is your life essence.
You have superior vitality. (+4 HP)


Message History

You hit the giant cockroach.
You kill the giant cockroach!
Your Armour skill increases to level 1!
No target in view!
No target in view!
You see here a giant cockroach corpse.
You reach down and open the door.
A centaur comes into view.
Found 18 stones.
A ball python comes into view.
Found 8 gold pieces and a robe.
There is an open door here.
An orc comes into view. It is wielding a +0 hand axe.
The centaur shouts!
The orc shouts!
The centaur wields a +0 shortbow.
The centaur shoots an arrow.
The arrow hits you! The orc hits you with a +0 hand axe.
The centaur shoots an arrow.
The arrow hits you.
There is an open door here.
Casting: Frozen Ramparts (quite dangerous; 9% risk of failure)
Confirm with . or Enter, or press ? or * to list all spells.
The spell is quite dangerous to cast (9% risk of failure)!
Continue anyway?
Casting: Frozen Ramparts (quite dangerous; 9% risk of failure)
Press: ? - help, Dir - look around, f - activate An open door.
The walls around you are covered in ice.
* * * LOW HITPOINT WARNING * * *
The wall freezes the centaur.
The wall freezes the orc.
The orc misses you.
It was a potion of haste.
You feel yourself speed up.
The wall freezes the centaur.
The wall freezes the orc.
The orc hits you with a +0 hand axe.
* * * LOW HITPOINT WARNING * * *
The wall freezes the centaur.
Okay, then.
It was a potion of degeneration.
There was something very wrong with that liquid.
You feel weakened.
You feel dopey.
You feel clumsy.
The wall freezes the orc.
You kill the orc!
The wall freezes the centaur.
The centaur shoots an arrow.
The arrow hits you!
You die...

#.#..###..###.#
#.#.##[##.###.##
######....#.#.......#
#......#.##.##.#..#.#
###.....####...####...#
##......## ...$... ##..#
#........####.c.####...#
#....#....#.##)##.#....#
####....##......@.#....#.##
...#....###....##(##.#.#.#
##.#....# ####..###..#.#.#
##.#....# ##..#..##.#[#
##.'....# ##...###.#.#
####....# ##### #.#.# #
#....# #.#.# # #....# .# #
######


You could see a centaur.

Vanquished Creatures
  An adder (D:2)
  A worm (D:2)
  A dart slug (D:1)
  An orc (D:3)
  A bat (D:2)
  3 endoplasms (D:1)
  2 giant cockroaches
  5 goblins (D:1)
  5 hobgoblins (D:1)
  4 jackals (D:1)
  A quokka (D:2)
  2 ball pythons
  3 frilled lizards
  A kobold (D:2)
  11 rats
42 creatures vanquished.

Notes
Turn   | Place    | Note
-------+----------+-------------------------------------------
     0 | D:1      | flyleaff the Djinni Ice Elementalist began the quest for
                  | the Orb.
     0 | D:1      | Reached XP level 1. HP: 15/15 MP: 0/0
   356 | D:1      | Reached XP level 2. HP: 16/21 MP: 0/0
   744 | D:1      | Found a faded altar of an unknown god.
   961 | D:1      | Reached XP level 3. HP: 12/25 MP: 0/0
   961 | D:1      | Learned a level 1 spell: Beastly Appendage
  2234 | D:2      | Reached XP level 4. HP: 22/31 MP: 0/0
  2971 | D:3      | Found a transporter.
  2972 | D:3      | Found a transporter.
  3110 | D:3      | Reached skill level 1 in Armour
  3154 | D:3      | Noticed a centaur
  3160 | D:3      | Shot with an arrow by a centaur

Illustrated notes

Levels and vault maps discovered:
D:1:      elethiomel_arrival_shortcut, layout_basic,
          hellmonk_ecumenical_altar_inner_sanctum
D:2:      layout_basic, hangedman_abyss_or_decor_stabs
D:3:      gammafunk_steamed_eel, layout_basic, chequers_garden,
          minmay_crystal_water, minmay_fractal_squares_gapless_5

Skill      XL: |  1  2  3  4 |
---------------+-------------+-----
Armour         | 1 |  1.0
Fighting       | |  0.8
Short Blades   | |  0.1
Dodging        | |  2.5
Stealth        | |  1.6
Spellcasting   | |  3.9

Action                   |  1- 3 |  4- 6 || total
-------------------------+-------+-------++-------
Melee: Dagger            |     9 |       ||     9
       Spear             |    80 |    14 ||    94
       Headbutt          |     2 |       ||     2
 Cast: Freeze            |    25 |       ||    25
       Frozen Ramparts   |     2 |     1 ||     3
       Beastly Appendage |     2 |       ||     2
  Use: Potion            |       |     2 ||     2
 Stab: Sleeping          |     3 |     1 ||     4
Armor: Robe              |     9 |     3 ||    12
Dodge: Dodged            |    54 |     7 ||    61

Table legend: (Time is in decaauts)
 A = Elapsed time spent in this place.
 B = Non-inter-level travel time spent in this place.
 C = Inter-level travel time spent in this place.
 D = Time resting spent in this place.
 E = Time spent auto-exploring this place.
 F = Levels seen in this place.
 G = Mean time per level.
                   A        B        C        D        E       F      G
               +--------+--------+--------+--------+--------+-----+--------+
         Total |   3167 |   3127 |     40 |      0 |   2816 |   3 | 1055.7 |
       Dungeon |   3167 |   3127 |     40 |      0 |   2816 |   3 | 1055.7 |
               +--------+--------+--------+--------+--------+-----+--------+

Top non-repeatable levels by time:
     D:1: 1622 daAuts
     D:2: 1281 daAuts
     D:3: 264 daAuts
